 Dungeon Crawl Stone Soup version 0.31.0-12-g77e489cdc1 (webtiles) character file.

Game seed: 10838087038796989341

2392 Gadfly the Trooper (level 9, -1/93 HPs)
             Began as an Oni Berserker on Feb 23, 2024.
             Was an Elder of Trog.
             Slain by an orc warrior
             ... wielding a +0 morningstar
              (11 damage)
             ... on level 7 of the Dungeon.
             The game lasted 00:12:04 (6640 turns).

Gadfly the Trooper (Oni Berserker)                  Turns: 6640, Time: 00:12:05

Health: -1/93      AC:  4    Str: 24    XL:     9   Next: 46%
Magic:  9/9        EV: 11    Int:  7    God:    Trog [****..]
Gold:   439        SH:  5    Dex: 20    Spells: 8/8 levels left

rFire   . . .        b - +5 Force Lance {heavy, knockback}
rCold   . . .        (no shield)
rNeg    + . .        g - +1 animal skin
rPois   .            (helmet restricted)
rElec   .            (no cloak)
rCorr   .            (gloves unavailable)
SInv    .            (boots unavailable)
Will    ++...        m - amulet of reflection
Stlth   ++           v - ring of positive energy
HPRegen 1.35/turn    z - +6 ring of dexterity
MPRegen 0.11/turn

%: reflection
@: strong-willed, regenerating
A: large, unfitting armour, horns 1, tough skin 1, double potion healing,
drunken brawling, agile 1, sense surroundings 1
a: Renounce Religion, Berserk, Trog's Hand, Brothers in Arms


You were on level 7 of the Dungeon.
You worshipped Trog.
Trog was greatly pleased with you.
You visited 2 branches of the dungeon, and saw 8 of its levels.
You also visited: Ossuary.

You collected 439 gold pieces.

Inventory:

Hand Weapons
 a - a +1 whip of draining
 b - the +5 Force Lance (weapon) {heavy, knockback}
   (You found it on level 2 of the Dungeon)
 w - a +0 flail
Armour
 g - a +1 animal skin (worn)
Jewellery
 d - a ring of protection from cold
 m - an amulet of reflection (around neck)
 t - a ring of protection from cold
 v - a ring of positive energy (left hand)
 z - a +6 ring of dexterity (right hand)
Wands
 r - a wand of acid (5)
 s - a wand of iceblast (7)
Scrolls
 h - a scroll of enchant armour
 k - 4 scrolls of teleportation
 l - a scroll of enchant weapon
 n - a scroll of silence
 o - a scroll of fog
 x - 2 scrolls of identify
 y - a scroll of blinking
 A - a scroll of butterflies
 B - a scroll of poison {unknown}
 C - a scroll of amnesia {unknown}
Potions
 c - a potion of resistance
 e - a potion of berserk rage
 f - 4 potions of enlightenment
 i - a potion of lignification
 j - 3 potions of mutation
 p - 3 potions of curing
 q - 2 potions of heal wounds
 u - 2 potions of attraction


   Skills:
 + Level 7.5 Fighting
 * Level 7.3 Maces & Flails
 * Level 5.8 Armour
 - Level 2.6 Dodging
 * Level 5.3 Evocations


You had 8 spell levels left.
You didn't know any spells.
Your spell library was empty.

Dungeon Overview and Level Annotations

Branches:
Dungeon (7/15)             Temple (1/1) D:4         Ossuary (visited)

Altars:
Ashenzari
Cheibriados
Dithmenos
Elyvilon
Fedhas
Gozag
Hepliaklqana
Kikubaaqudgha
Nemelex Xobeh
Okawaru
Qazlal
Ru
Sif Muna
Trog
Uskayaw
Vehumet
Wu Jian
Xom
Yredelemnul
Zin
The Shining One

Annotations:
D:4 3 runed translucent doors, Gadfly's ghost, amateur OnBe; Silvore's ghost, amateur MiFi


Innate Abilities, Weirdness & Mutations

You are too large for most types of armour.
You have a pair of small horns on your head.
You have tough skin. (AC +1)
You gain doubled healing and magic from potions.
Whenever you drink a healing potion, you attack all around you.
You are agile. (Dex +4, Str/Int -1)
You passively map a small area around you.


Message History

You block the iguana's attack. The ufetubus barely misses you.
The ufetubus hits you.
* * * LOW HITPOINT WARNING * * *
The orc warrior misses you. The iguana closely misses you.
The ufetubus hits you but does no damage.
The ufetubus closely misses you. The ufetubus attacks as it pursues you!
The ufetubus hits you but does no damage.
The ufetubus misses you.
You completely miss the ufetubus. Your headbutt misses the ufetubus.
The ufetubus slips past you! The ufetubus hits you.
* * * LOW HITPOINT WARNING * * *
You block the ufetubus's attack. The ufetubus hits you.
* * * LOW HITPOINT WARNING * * *
The ufetubus hits you.
* * * LOW HITPOINT WARNING * * *
The ufetubus hits you but does no damage.
The ufetubus barely misses you. Something hits you but does no damage.
You hit something.
Something collides with the orc warrior!
You headbutt something. You block the ufetubus's attack.
The ufetubus closely misses you. x2; The ufetubus barely misses you.
You puncture the ufetubus!
You kill the ufetubus!
Trog accepts your kill. The orc warrior misses you.
You hit the orc warrior. Your headbutt misses the orc warrior.
The orc warrior is moderately wounded.
The orc warrior closely misses you.
The orc warrior hits you with a +0 morningstar!
* * * LOW HITPOINT WARNING * * *
You closely miss the orc warrior.
The orc warrior is moderately wounded.
The orc warrior hits you with a +0 morningstar.
* * * LOW HITPOINT WARNING * * *
Okay, then.
Your skin crawls.
You feel strong-willed.
The orc warrior hits you with a +0 morningstar!
You die...

*........# *,* *,,,* *........#
*,# *,,,* ## *....=...#
*.#########.#####.
*...|...)#####.#########.#####.
***..(...........#########.#.....
,,,.>........................##..
,,,...##......############.####..
_,,.,,*#.....o#####........####..
,,,,,........l?o@............####
,,,,..##......#####......<...####
,,,,.,*#......# ###....#..#.#.#.
***,***#......# ###....#........
*,* ###.#### ###....###......
*,****#..,* ###....###.#..#.
*,,,,,#..,* ###...........#.
*,,,,,#,,,* ###........##.#.
*,,,,,*,,,* ###........##.#.


You could see an orc warrior, an iguana and an orc.

Vanquished Creatures
  A water moccasin (D:7)
  An ice beast (D:7)
  An ogre (D:5)
  A phantom (D:6)
  A kobold brigand (D:6)
  A weeping skull (Ossuary)
  A bullfrog (D:7)
  3 elf zombies (Ossuary)
  6 scorpions
  5 wights
  2 burial acolytes (Ossuary)
  2 howler monkeys
  2 bombardier beetles
  2 hounds
  A jelly (D:5)
  3 human zombies (Ossuary)
  A gnoll bouda (D:6)
  2 iguanas
  Natasha (thrice) (D:3)
  An orc wizard (D:7)
  2 hound zombies (Ossuary)
  2 mummies (Ossuary)
  Robin (D:3)
  9 gnolls
  17 adders
  A shadow imp (D:7)
  A white imp (D:7)
  4 ufetubi
  5 dart slugs
  11 orcs
  3 bats
  6 endoplasms
  3 giant cockroaches
  14 goblins
  5 hobgoblins
  7 quokkas
  9 ball pythons
  2 frilled lizards (D:1)
  4 gnoll zombies (Ossuary)
  6 kobolds
  4 orc zombies (Ossuary)
  5 rats
161 creatures vanquished.

Notes
Turn   | Place    | Note
-------+----------+-------------------------------------------
     0 | D:1      | Gadfly the Oni Berserker began the quest for the Orb.
     0 | D:1      | Reached XP level 1. HP: 24/24 MP: 1/1
   101 | D:1      | Reached XP level 2. HP: 27/32 MP: 2/2
   494 | D:2      | Reached skill level 1 in Armour
   494 | D:2      | Reached skill level 1 in Evocations
   494 | D:2      | Reached XP level 3. HP: 34/39 MP: 3/3
   532 | D:2      | Found a faded altar of an unknown god.
   645 | D:2      | Found the +5 Force Lance {heavy, knockback}
   756 | D:2      | Reached XP level 4. HP: 49/49 MP: 4/4
   765 | D:2      | Reached ** piety under Trog
  1028 | D:2      | Reached XP level 5. HP: 55/55 MP: 5/5
  1612 | D:3      | Noticed Robin
  1626 | D:3      | HP: 2/55 [goblin/+0 club[Robin] (3)]
  1638 | D:3      | Killed Robin
  2015 | D:3      | Noticed Natasha
  2019 | D:3      | Killed Natasha
  2020 | D:3      | Reached skill level 5 in Fighting
  2191 | D:3      | Noticed Natasha
  2194 | D:3      | Killed Natasha
  2195 | D:3      | Reached XP level 6. HP: 63/66 MP: 6/6
  2218 | D:3      | Noticed Natasha
  2226 | D:3      | Killed Natasha
  2528 | D:4      | Reached *** piety under Trog
  2599 | D:4      | Found a runed translucent gate.
  2605 | D:4      | Found a runed translucent gate.
  2605 | D:4      | Found a runed translucent gate.
  2645 | D:4      | Reached XP level 7. HP: 72/72 MP: 7/7
  2734 | D:4      | Found a staircase to the Ecumenical Temple.
  2758 | Temple   | Entered the Ecumenical Temple
  2836 | D:4      | Noticed Gadfly's ghost (amateur OnBe)
  2836 | D:4      | Noticed Silvore's ghost (amateur MiFi)
  2976 | D:5      | Entered Level 5 of the Dungeon
  2986 | D:5      | Reached skill level 5 in Maces & Flails
  3394 | D:5      | HP: 3/74 [scorpion (1)]
  3714 | D:5      | Gained mutation: You sometimes lose your temper in combat.
                  | [potion of mutation]
  3714 | D:5      | Gained mutation: You are agile. (Dex +4, Str/Int -1)
                  | [potion of mutation]
  3714 | D:5      | Lost mutation: You sometimes lose your temper in combat.
                  | [potion of mutation]
  3714 | D:5      | Gained mutation: You passively map a small area around you.
                  | [potion of mutation]
  3964 | D:6      | Reached XP level 8. HP: 45/83 MP: 8/8
  4437 | D:5      | Reached **** piety under Trog
  5187 | D:6      | Reached skill level 5 in Armour
  5627 | D:7      | Found a sand-covered staircase.
  5635 | Ossuary  | Entered an ossuary
  5668 | Ossuary  | Reached XP level 9. HP: 71/93 MP: 9/9
  6016 | Ossuary  | Reached skill level 5 in Evocations
  6447 | D:7      | Found a basalt altar of Yredelemnul.
  6640 | D:7      | Slain by an orc warrior

Illustrated notes

Levels and vault maps discovered:
D:1:      eino_arrival_tree_alley, layout_rooms
D:2:      layout_loops_ring, shapermc_ecumenical_altar_flowoftime,
          minmay_snake_closets
D:3:      layout_basic, minmay_diced_spiral, uniq_natasha, uniq_robin
D:4:      layout_cave_pools, minmay_temple_entry_statues,
          gammafunk_ghost_cemetery
D:5:      layout_gridville
D:6:      layout_rooms
D:7:      layout_basic, nicolae_overflow_crystal_walls, bloody_makhleb,
          chequers_ossuary_entry_cave, fountainhead
Temple:   nicolae_temple_slightly_damp_pantheon

Skill      XL: |  1  2  3  4  5  6  7  8  9 |
---------------+----------------------------+-----
Armour         | 1 2 3 4 5 |  5.8
Evocations     | 1 2 3 4 5 |  5.3
Maces & Flails | 4 5 6 7 |  7.3
Fighting       | 5 6 7 |  7.5
Dodging        | |  2.6

Action                     |  1- 3 |  4- 6 |  7- 9 || total
---------------------------+-------+-------+-------++-------
  Melee: Mace              |    53 |       |       ||    53
         Headbutt          |     6 |     7 |    23 ||    36
         Lance             |     6 |   101 |   223 ||   330
         Punch             |       |       |     2 ||     2
 Invoke: Trog's Hand       |       |       |     1 ||     1
    Use: Scroll            |     5 |     7 |     8 ||    20
         Potion            |       |     1 |     5 ||     6
   Stab: Sleeping          |     2 |     3 |     4 ||     9
 Armour: Animal skin       |    35 |    84 |   235 ||   354
  Dodge: Dodged            |    24 |    50 |   171 ||   245
  Block: Other             |       |     5 |    63 ||    68
         Reflection        |       |       |     1 ||     1
